 Dungeon Crawl Stone Soup version 0.29-a0-323-g050149af67 (webtiles) character file.

Game seed: 13997593357764527204

7 zishaf the Chiller (level 1, -4/14 HPs)
             Began as a Mummy Ice Elementalist on Apr 11, 2022.
             Slain by a worm (11 damage)
             ... on level 2 of the Dungeon.
             The game lasted 00:00:44 (637 turns).

zishaf the Chiller (Mummy Ice Elementalist)          Turns: 637, Time: 00:00:45

Health: -4/14      AC:  2    Str: 11    XL:     1   Next: 91%
Magic:  0/4        EV: 12    Int: 14    God:
Gold:   28         SH:  0    Dex: 12    Spells: 5/6 levels left

rFire   x . .      SeeInvis .   b - +0 short sword
rCold   + . .      Faith    .   (no shield)
rNeg    + + +      Spirit   .   a - +0 robe
rPois   ∞          Reflect  .   (no helmet)
rElec   .          Harm     .   (no cloak)
rCorr   .          Rampage  .   (no gloves)
Will    .....                   (no boots)
Stlth   ++........              (no amulet)
HPRegen 0.04/turn               (no ring)
MPRegen 0.09/turn               (no ring)

@: very slightly contaminated
A: cold resistance 1, negative energy resistance 3, torment resistance 2, heat
vulnerability 1, no potions
a: no special abilities


You were on level 2 of the Dungeon.
You visited 1 branch of the dungeon, and saw 2 of its levels.

You collected 28 gold pieces.

Inventory:

Hand Weapons
 b - a +0 short sword (weapon)
Armour
 a - a +0 robe (worn)
Scrolls
 c - a scroll of enchant weapon {unknown}
 d - a scroll of torment {unknown}


   Skills:
 + Level 0.7 Fighting
 - Level 1.5 Dodging
 - Level 1.5 Stealth
 + Level 3.0 Spellcasting
 + Level 3.4 Ice Magic


You had 5 spell levels left.
You knew the following spells:

 Your Spells              Type           Power      Damage    Failure   Level
a - Freeze                Ice            44%        1d6       5%          1

Your spell library contained the following spells:

 Spells                   Type           Power      Damage    Failure   Level
 Frozen Ramparts          Ice            22%        1d4       16%         3
 Ozocubu's Armour         Ice            11%        N/A       16%         3
 Hailstorm                Conj/Ice       6%         3d4       71%         4


Dungeon Overview and Level Annotations

Branches:
Dungeon (1/15)

Altars:


Innate Abilities, Weirdness & Mutations

You are immune to poison.
Your flesh is cold resistant. (rC+)
You are immune to negative energy. (rN+++)
You are immune to unholy pain and torment.
You are vulnerable to heat. (rF-)
You do not drink.


Message History

Found 4 poisoned darts.
You now have 28 gold pieces (gained 9).
d - a scroll labelled DILUOFREIC You see here 4 poisoned darts.
A worm comes into view.
The worm bites you!
Ouch! That really hurt!
Casting: Freeze (safe; 5% risk of failure)
Confirm with . or Enter, or press ? or * to list all spells.
Aiming: Freeze (safe; 5% risk of failure)
Press: ? - help, Shift-Dir - straight line, f - worm
Aim: a worm You freeze the worm.
The worm is lightly wounded.
Casting: Freeze (safe; 5% risk of failure)
Confirm with . or Enter, or press ? or * to list all spells.
Aiming: Freeze (safe; 5% risk of failure)
Press: ? - help, Shift-Dir - straight line, f/p - worm
Aim: a worm (lightly wounded)
You freeze the worm.
The worm is heavily wounded.
The worm barely misses you.
Casting: Freeze (safe; 5% risk of failure)
Confirm with . or Enter, or press ? or * to list all spells.
Aiming: Freeze (safe; 5% risk of failure)
Press: ? - help, Shift-Dir - straight line, f/p - worm
Aim: a worm (heavily wounded)
You miscast Freeze.
You are very lightly contaminated with residual magic.
Nothing appears to happen.
Casting: Freeze (safe; 5% risk of failure)
Confirm with . or Enter, or press ? or * to list all spells.
Aiming: Freeze (safe; 5% risk of failure)
Press: ? - help, Shift-Dir - straight line, f/p - worm
Aim: a worm (heavily wounded)
You freeze the worm.
The worm is heavily wounded.
The worm bites you!
Ouch! That really hurt!
You die... ♣♣#... ..# ♣... ... ♣ .♣ ♣ ♣..# #.# ♣.P..♣P ♣... ... .P.P...♣♣..# #.# ♣.♣. ♣.....# #.# PPP.

♣♣....
♣♣###.######♣♣.PP♣##.##
#.....@w....♣ ♣......
######+##
#.###.##############.##
........# #.# #.#
............. ........#
#.# #.# .......).....
........# #.# #..
#########.### ♣♣......#
#.# ### #######....
♣♣♣♣....###.###
#.........#
PP♣♣..........#
#.#######.#
.PP♣♣...###.#.######
#.#.....#..


You could see a worm.

Vanquished Creatures
  2 giant cockroaches (D:2)
  4 kobolds
  A rat (D:2)
7 creatures vanquished.

Vanquished Creatures (others)
  A plant (D:2)
1 creature vanquished.

Grand Total: 8 creatures vanquished

Notes
Turn   | Place    | Note
-------+----------+-------------------------------------------
     0 | D:1      | zishaf the Mummy Ice Elementalist began the quest for the
                  | Orb.
     0 | D:1      | Reached XP level 1. HP: 13/13 MP: 4/4
   101 | D:1      | You fall into a shaft and drop 1 floor!
   637 | D:2      | Slain by a worm

Illustrated notes

Levels and vault maps discovered:
D:1:      tarquinn_simple_flora_water_d, layout_loops_ring, serial_bayou_ford_a
D:2:      layout_basic, serial_forest, infiniplex_forest_fountain,
          infiniplex_forest_straight_3, infiniplex_forest_3_way,
          infiniplex_forest_lined_corner, infiniplex_forest_end_2,
          infiniplex_forest_straight_2, infiniplex_forest_straight_5,
          minmay_pentomino_q2, uniq_natasha

Skill      XL: |  1 |
---------------+----+-----
Spellcasting   | 3 |  3.0
Fighting       | |  0.7
Dodging        | |  1.5
Stealth        | |  1.5
Ice Magic      | |  3.4

Action                   || total
-------------------------++-------
Melee: Short sword       ||    14
 Cast: Freeze            ||     8
 Stab: Sleeping          ||     1
Armor: Robe              ||     1
Dodge: Dodged            ||     8

Table legend: (Time is in decaauts)
 A = Elapsed time spent in this place.
 B = Non-inter-level travel time spent in this place.
 C = Inter-level travel time spent in this place.
 D = Time resting spent in this place.
 E = Time spent auto-exploring this place.
 F = Levels seen in this place.
 G = Mean time per level.
                   A        B        C        D        E       F      G
               +--------+--------+--------+--------+--------+-----+--------+
         Total |    637 |    637 |      0 |      0 |    569 |   2 |  318.5 |
       Dungeon |    637 |    637 |      0 |      0 |    569 |   2 |  318.5 |
               +--------+--------+--------+--------+--------+-----+--------+

Top non-repeatable levels by time:
     D:2: 537 daAuts
     D:1: 100 daAuts
